AoeStats
← Pfost3n

Arena

505902937Analyzed
4v4 RM · 20d ago on Sep 11, 2026· 65m 2s· 8 players
Game mode
Random Map
Map size
Large (8 player)
Population
200
Speed
Normal
Resources
Standard
Victory
Conquest
Starting age
Dark Age
Ending age
Imperial Age
RankedLock teamsTeams togetherTeam positionsShared explorationLock speedFull tech treeHidden civsTurbo modeCheats
Victory
Defeat
🇦🇷 Burgundians · Argentina
814
+16
🇧🇷 Spanish · Brazil
794
+16
🇦🇷 Romans · Argentina
720
+19
🇸🇮 Japanese · Slovenia
713
+20
🇺🇸 Spanish · United States
821
-19
🇩🇪 Goths · Germany
806
-18
🇨🇳 Khmer · China
791
-17
🇨🇳 Romans · China
788
-17
marwenskio
5:29 Loom
12:02 Feudal Age
16:46 Castle Age
15:25 Double-Bit Axe
15:25 Horse Collar
17:10 Wheelbarrow
18:13 Bow Saw
20:10 Heavy Plow
25:26 Stone Mining
25:26 Gold Mining
28:57 Hand Cart
28:27 Town Watch
33:17 Imperial Age
32:23 Husbandry
32:35 Bloodlines
33:41 Elite Conquistador
36:11 Town Patrol
36:36 Scale Barding Armor
36:42 Forging
38:26 Chain Barding Armor
38:07 Padded Archer Armor
38:44 Iron Casting
38:42 Cavalier
40:01 Plate Barding Armor
42:04 Blast Furnace
41:00 Paladin
44:19 Pikeman
44:59 Squires
44:45 Arson
46:48 Halberdier
48:18 Stone Shaft Mining
48:04 Scale Mail Armor
50:15 Chain Mail Armor
52:23 Plate Mail Armor
小闪酱
0:38 Loom
11:52 Feudal Age
12:23 Double-Bit Axe
12:19 Horse Collar
20:10 Castle Age
23:42 Gold Mining
23:43 Stone Mining
27:29 Bow Saw
33:03 Imperial Age
34:09 Ballistics
34:50 Chemistry
36:24 Ballistas
37:04 Caravan
37:52 Gold Shaft Mining
36:44 Heavy Scorpion
37:36 Siege Engineers
40:26 Wheelbarrow
39:39 Town Watch
52:16 Elite Centurion
Pfost3n
10:37 Feudal Age
16:43 Castle Age
14:33 Double-Bit Axe
16:20 Horse Collar
23:11 Bow Saw
24:27 Scale Mail Armor
26:54 Forging
27:40 Wheelbarrow
26:40 Man-at-Arms
29:47 Chain Mail Armor
29:40 Long Swordsman
30:47 Pikeman
32:47 Iron Casting
38:13 Imperial Age
36:01 Hand Cart
36:01 Heavy Plow
40:00 Blast Furnace
38:24 Two-Handed Swordsman
38:25 Halberdier
40:04 Conscription
天下為公
12:46 Feudal Age
16:17 Castle Age
14:12 Horse Collar
14:40 Double-Bit Axe
22:56 Scale Barding Armor
23:01 Forging
23:08 Heavy Plow
23:21 Bow Saw
24:41 Loom
28:00 Gold Mining
28:02 Stone Mining
34:08 Imperial Age
33:08 Bloodlines
32:59 Husbandry
33:40 Chain Barding Armor
33:55 Iron Casting
33:40 Light Cavalry
35:33 Wheelbarrow
34:44 Town Watch
35:25 Hussar
36:43 Conscription
37:10 Plate Barding Armor
37:36 Blast Furnace
37:04 Fortified Wall
38:06 Masonry
38:52 Gold Shaft Mining
38:54 Stone Shaft Mining
38:54 Crop Rotation
40:54 Hand Cart
42:38 Architecture
47:33 Siege Engineers
48:41 Coinage
49:52 Banking
Dioxis
8:59 Loom
11:34 Feudal Age
15:55 Castle Age
13:49 Horse Collar
14:20 Double-Bit Axe
23:24 Gold Mining
28:06 Fervor
30:49 Imperial Age
29:29 Wheelbarrow
30:50 Heavy Scorpion
33:35 Stone Mining
34:06 Ballistas
34:24 Ballistics
35:05 Chemistry
37:16 Bow Saw
37:22 Pikeman
39:18 Halberdier
40:14 Forging
40:06 Scale Mail Armor
40:13 Heavy Plow
40:29 Hand Cart
41:00 Comitatenses
41:01 Conscription
41:44 Iron Casting
46:11 Blast Furnace
45:27 Chain Mail Armor
45:45 Crop Rotation
45:13 Town Watch
45:56 Squires
45:54 Cavalier
48:42 Scale Barding Armor
48:55 Fortified Wall
48:15 Onager
^LoZo^
12:38 Feudal Age
13:56 Double-Bit Axe
17:06 Castle Age
21:21 Bow Saw
27:41 Gold Mining
29:24 Horse Collar
29:39 Stone Mining
30:29 Gold Shaft Mining
34:42 Imperial Age
33:40 Wheelbarrow
34:19 Yasama
34:58 Hand Cart
34:57 Forging
34:47 Scale Mail Armor
35:21 Ballistics
35:44 Conscription
35:47 Kataparuto
36:05 Elite Samurai
37:01 Heavy Plow
38:11 Chemistry
37:19 Siege Engineers
40:05 Iron Casting
39:45 Chain Mail Armor
40:32 Arrowslits
40:47 Murder Holes
42:01 Blast Furnace
40:53 Fletching
43:22 Plate Mail Armor
45:02 Bodkin Arrow
52:19 Bracer
53:15 Guard Tower
54:38 Keep
filipellopes
10:21 Feudal Age
11:38 Loom
14:34 Castle Age
13:44 Double-Bit Axe
16:55 Wheelbarrow
21:29 Bow Saw
22:05 Horse Collar
22:40 Stone Mining
24:26 Hand Cart
26:27 Bloodlines
26:24 Scale Barding Armor
26:30 Forging
27:21 Husbandry
28:25 Chain Barding Armor
35:03 Imperial Age
34:12 Iron Casting
36:07 Conscription
36:24 Hoardings
36:27 Plate Barding Armor
36:53 Blast Furnace
35:15 Cavalier
36:50 Gold Mining
37:36 Stone Shaft Mining
36:31 Paladin
PopySeed_[CuERvO]
5:50 Wheelbarrow
7:42 Loom
8:36 Wheelbarrow
11:18 Feudal Age
10:12 Double-Bit Axe
10:09 Horse Collar
15:05 Gold Mining
17:31 Hand Cart
19:48 Castle Age
18:22 Bow Saw
18:19 Heavy Plow
31:06 Imperial Age
30:21 Crop Rotation
31:21 Two-Man Saw
31:00 Gold Shaft Mining
30:21 Stone Mining
31:51 Ballistics
31:25 Fletching
31:37 Padded Archer Armor
33:34 Chemistry
32:48 Fortified Wall
36:24 Bodkin Arrow
37:46 Bracer
38:23 Leather Archer Armor
45:53 Elite Skirmisher
57:07 Squires
56:53 Arson
58:48 Cavalier
59:29 Husbandry
61:53 Paladin
62:40 Scale Barding Armor
62:46 Forging
62:11 Light Cavalry
63:18 Hussar
Connection lost

Rejoining the realm…

Still unreachable

The connection could not be restored.

Session expired

The server has moved on; the page needs a fresh start.